 Dungeon Crawl Stone Soup version 0.32-a0-960-g3814254bd7 (webtiles) character file.

Game seed: 16758314817017583174

1332 Fodor the Twirler (level 8, -10/94 HPs)
             Began as a Minotaur Fighter on Apr 17, 2024.
             Killed by divine providence
             ... invoked by an orc priest
              (12 damage)
             ... on level 5 of the Dungeon.
             The game lasted 00:11:26 (4041 turns).

Fodor the Twirler (Minotaur Fighter)                Turns: 4041, Time: 00:11:28

Health: -10/94     AC: 24    Str: 29    XL:     8   Next: 34%
Magic:  7/7        EV:  2    Int:  5    God:
Gold:   375        SH:  0    Dex: 10    Spells: 7/7 levels left

rFire   . . .        o - +4 quarterstaff (chaos)
rCold   . . .        (shield currently unavailable)
rNeg    . . .        i - melded +1 ring mail {rN+}
rPois   +            (helmet currently unavailable)
rElec   .            p - melded +0 cloak
rCorr   .            (gloves currently unavailable)
SInv    .            (boots currently unavailable)
Will    .....        (no amulet)
Stlth   +            r - +6 ring of strength
HPRegen 0.35/turn    (no ring)
MPRegen 0.10/turn

%: no passive effects
@: tree-form
A: stationary, stasis, torment immunity, boosted hp, (horns 2), (retaliatory
headbutt), (iridescent scales 1), frail 1, (cold vulnerability 1)
a: Convert to Beogh


You were on level 5 of the Dungeon.
You were a tree.
You visited 1 branch of the dungeon, and saw 5 of its levels.

You collected 375 gold pieces.

Inventory:

Hand Weapons
 a - a +0 war axe
 o - a +4 quarterstaff of chaos (weapon)
Missiles
 m - 3 poisoned darts (quivered)
Armour
 c - a +0 buckler
 i - a +1 ring mail of positive energy (melded)
 p - a +0 cloak (melded)
Jewellery
 r - a +6 ring of strength (left branch)
Wands
 w - a wand of warping (10)
 y - a wand of mindburst (21)
Scrolls
 e - 2 scrolls of brand weapon {unknown}
 g - 4 scrolls of teleportation {unknown}
 h - a scroll of amnesia {unknown}
 j - 4 scrolls of identify {unknown}
 s - a scroll of enchant weapon {unknown}
 v - a scroll of enchant armour {unknown}
 z - a scroll of fog {unknown}
 A - a scroll of immolation {unknown}
Potions
 b - a potion of ambrosia {unknown}
 d - 2 potions of might
 f - a potion of berserk rage {unknown}
 k - a potion of mutation
 l - 2 potions of lignification
 n - a potion of invisibility {unknown}
 q - 2 potions of heal wounds {unknown}
 t - 2 potions of curing {unknown}
 u - a potion of cancellation {unknown}
 x - a potion of magic {unknown}


   Skills:
 + Level 6.1 Fighting
 + Level 4.1 Axes
 + Level 7.5 Staves
 + Level 3.2 Throwing
 + Level 5.7 Armour
 + Level 2.5 Dodging
 + Level 0.5 Stealth
 + Level 4.1 Shields


You had 7 spell levels left.
You didn't know any spells.
Your spell library contained the following spells:

 Spells                   Type           Power      Damage    Failure   Level
 Magic Dart               Conj           0%         1d3       47%         1
 Searing Ray              Conj           0%         2d4       63%         2
 Fulminant Prism          Conj/Alch      0%         3d5       99%         4


Dungeon Overview and Level Annotations

Branches:
Dungeon (5/15)
 Temple: D:4-7

Altars:
Elyvilon


Innate Abilities, Weirdness & Mutations

You are a tree.
Your roots penetrate the ground, keeping you stationary.
You cannot be teleported.
You are immune to unholy pain and torment.
Your maximum health is greatly increased.
Your equipment is partially melded.
((You have a pair of horns on your head.))
((You reflexively headbutt those who attack you in melee.))
((You are partially covered in iridescent scales. (AC +2)))
You are frail. (-10% HP)
((You are vulnerable to cold. (rC-)))


Message History

The orc is heavily wounded.
The orc hits you with a +0 trident.
The orc priest calls down the wrath of Beogh upon you.
Beogh smites you!
The orc priest shouts, "The Pantheon deserves no one's loyalty.
Let us show you the true path!" (press Y on the ability menu to convert to Beogh) Unknown command.
The orc barely misses you.
The orc priest calls down the wrath of Beogh upon you.
Beogh smites you!
You see here a +0 whip.
The orc closely misses you.
Items here: $ ( ))) †††.
You closely miss the orc. You headbutt the orc.
You kill the orc!
You barely miss the orc. You sock the orc!
You kill the orc!
The orc priest shouts, "Beogh offers mercy even to people such as you.
Join us and be reborn!"
The orc priest invokes the aid of Beogh against you.
Beogh smites you!
* * * LOW HITPOINT WARNING * * *
You closely miss the iguana. Your headbutt misses the iguana.
The iguana bites you!
* * * LOW HITPOINT WARNING * * *
You sock the iguana! You burn the iguana. You headbutt the iguana.
You kill the iguana!
It was a potion of lignification.
You turn into a tree.
Your +0 cloak melds into your body.
Your +1 ring mail of positive energy melds into your body.
You feel less protected from negative energy.
Your roots penetrate the ground.
The orc priest hits you but does no damage.
It was a potion of mutation.
You feel extremely strange.
You feel vulnerable to cold.
Iridescent scales grow over part of your body.
You feel frail.
The orc priest calls down the wrath of Beogh upon you.
Beogh smites you!
You die...

#.#####.########
#.##............
#.##.##.########
#.##.##.# #....
#.......# #.###
####......# #<# #
#......##.# ##.###
#)##.####.# #.....
#♣##.# #.# #..###
#o##.####.###..# #
.(.............###
##(.######.........
#... ^............
.((.##########.###
.#..# #.##. . ...
#.#.# #.#..


You could see an orc priest.

Vanquished Creatures
  Prince Ribbit (D:5)
  Grinder (D:4)
  Pargi (D:3)
  An ogre (D:5)
  A bullfrog (D:4)
  A scorpion (D:4)
  Crazy Yiuf (D:2)
  2 bombardier beetles (D:4)
  3 hounds (D:4)
  2 orc priests
  Jessica (D:3)
  Ijyb (D:4)
  An iguana (D:5)
  2 orc wizards (D:4)
  Natasha (thrice) (D:4)
  Robin (D:3)
  6 adders
  2 dart slugs
  2 ribbon worms (D:4)
  11 orcs
  10 bats
  6 endoplasms
  6 giant cockroaches
  18 goblins
  17 hobgoblins
  6 jackals (D:2)
  5 quokkas
  10 ball pythons
  11 frilled lizards
  8 kobolds
  5 rats
146 creatures vanquished.

Notes
Turn   | Place    | Note
-------+----------+-------------------------------------------
     0 | D:1      | Fodor the Minotaur Fighter began the quest for the Orb.
     0 | D:1      | Reached XP level 1. HP: 19/19 MP: 0/0
   185 | D:1      | Reached XP level 2. HP: 27/27 MP: 1/1
  1031 | D:2      | Reached XP level 3. HP: 30/33 MP: 2/2
  1432 | D:2      | Reached XP level 4. HP: 41/41 MP: 3/3
  1474 | D:2      | Found a faded altar of an unknown god.
  1537 | D:2      | Found a runed translucent door.
  1538 | D:2      | Noticed Crazy Yiuf
  1759 | D:2      | Killed Crazy Yiuf
  1760 | D:2      | Reached skill level 1 in Dodging
  1998 | D:3      | Noticed Jessica
  1999 | D:3      | Killed Jessica
  2000 | D:3      | Reached XP level 5. HP: 47/47 MP: 4/4
  2000 | D:3      | Found a white marble altar of Elyvilon.
  2122 | D:3      | Reached skill level 1 in Staves
  2204 | D:3      | Noticed Robin
  2233 | D:3      | Killed Robin
  2309 | D:3      | Reached skill level 2 in Staves
  2379 | D:3      | Noticed Pargi
  2384 | D:3      | Killed Pargi
  2385 | D:3      | Reached skill level 3 in Staves
  2385 | D:3      | Reached skill level 1 in Throwing
  2385 | D:3      | Reached XP level 6. HP: 48/53 MP: 5/5
  2609 | D:4      | Noticed Ijyb
  2609 | D:4      | Noticed Grinder
  2628 | D:4      | Killed Ijyb
  2636 | D:4      | Reached skill level 5 in Armour
  2638 | D:4      | Reached skill level 4 in Staves
  2651 | D:4      | Killed Grinder
  2652 | D:4      | Reached skill level 5 in Fighting
  2652 | D:4      | Reached skill level 5 in Staves
  2652 | D:4      | Reached XP level 7. HP: 5/61 MP: 6/6
  2754 | D:4      | Reached skill level 6 in Staves
  2991 | D:4      | Noticed Natasha
  2999 | D:4      | Killed Natasha
  3352 | D:4      | Noticed Natasha
  3355 | D:4      | Killed Natasha
  3455 | D:4      | Noticed Natasha
  3481 | D:4      | Killed Natasha
  3590 | D:4      | Reached XP level 8. HP: 64/70 MP: 7/7
  3723 | D:5      | Entered Level 5 of the Dungeon
  3732 | D:5      | Noticed Prince Ribbit
  3764 | D:5      | Killed Prince Ribbit
  3765 | D:5      | Reached skill level 7 in Staves
  4038 | D:5      | HP: 1/70 [iguana (10)]
  4041 | D:5      | Gained mutation: You are vulnerable to cold. (rC-) [potion
                  | of mutation]
  4041 | D:5      | Gained mutation: You are partially covered in iridescent
                  | scales. (AC +2) [potion of mutation]
  4041 | D:5      | Gained mutation: You are frail. (-10% HP) [potion of
                  | mutation]
  4041 | D:5      | Killed from afar by an orc priest

Illustrated notes

Levels and vault maps discovered:
D:1:      roderic_crop_circles_arrival_small, layout_loops_corners, minivault_11
D:2:      layout_loops_ring, shapermc_ecumenical_altar_mp_ritualfount,
          minmay_lizard_pond, uniq_crazy_yiuf_cottage
D:3:      layout_rooms, mainiacjoe_overflow_alcove_1, minmay_gold_behind_fungi,
          minmay_quadrilaterals, uniq_pargi, uniq_jessica, uniq_robin
D:4:      layout_loops_ring, kennysheep_flooded_box, nicolae_goblin_pals,
          uniq_grinder, uniq_natasha, uniq_ijyb, uniq_blork_the_orc
D:5:      layout_loops_ring, uniq_prince_ribbit1, uniq_sigmund, uniq_edmund

Skill      XL: |  1  2  3  4  5  6  7  8 |
---------------+-------------------------+-----
Fighting       | 4 5 6 |  6.1
Armour         | 4 5 |  5.7
Axes           | 3 4 |  4.1
Shields        | 4 |  4.1
Dodging        | 1 2 |  2.5
Staves         | 3 5 6 7 |  7.5
Throwing       | 1 2 3 |  3.2
Stealth        | |  0.5

Action                     |  1- 3 |  4- 6 |  7- 9 || total
---------------------------+-------+-------+-------++-------
  Melee: War axe           |    95 |     6 |       ||   101
         Headbutt          |     6 |    11 |    13 ||    30
         Quarterstaff      |       |    81 |    75 ||   156
  Throw: Dart              |     2 |    25 |     9 ||    36
         Boomerang         |       |       |    23 ||    23
    Use: Potion            |       |       |     2 ||     2
 Armour: Scale mail        |    29 |       |       ||    29
         Ring mail         |    49 |    66 |    56 ||   171
         Skin              |       |       |     1 ||     1
  Dodge: Dodged            |    77 |    46 |    36 ||   159
  Block: Buckler           |    33 |     1 |       ||    34

Table legend: (Time is in decaauts)
 A = Elapsed time spent in this place.
 B = Non-inter-level travel time spent in this place.
 C = Inter-level travel time spent in this place.
 D = Time resting spent in this place.
 E = Time spent auto-exploring this place.
 F = Levels seen in this place.
 G = Mean time per level.
                   A        B        C        D        E       F      G
               +--------+--------+--------+--------+--------+-----+--------+
         Total |   4094 |   4044 |     50 |    443 |   2359 |   5 |  818.8 |
       Dungeon |   4094 |   4044 |     50 |    443 |   2359 |   5 |  818.8 |
               +--------+--------+--------+--------+--------+-----+--------+

Top non-repeatable levels by time:
     D:4: 1119 daAuts
     D:1: 1021 daAuts
     D:2: 942 daAuts
     D:3: 694 daAuts
     D:5: 316 daAuts
